 Dungeon Crawl Stone Soup version 0.30-b1-2-g02819fbbbe (webtiles) character file.

Game seed: 4140339967903808518

40527 raph the Arsonist (level 13, -10/75 HPs)
             Began as a Deep Elf Fire Elementalist on Nov 15, 2023.
             Was an Elder of Vehumet.
             Mangled by a skyshark (11 damage)
             ... on level 5 of the Lair of Beasts on Nov 18, 2023.
             The game lasted 00:43:17 (23145 turns).

raph the Arsonist (Deep Elf Fire Elementalist)     Turns: 23145, Time: 00:43:17

Health: -10/75     AC: 10    Str:  5    XL:     13   Next: 75%
Magic:  17/40      EV:  8    Int: 26    God:    Vehumet [****..]
Gold:   1152       SH:  7    Dex: 15    Spells: 3/36 levels left

rFire   . . .        a - +4 sling (drain)
rCold   . . .        I - +2 buckler
rNeg    . . .        D - +2 robe {Archmagi}
rPois   .            d - +1 helmet {SInv}
rElec   .            (no cloak)
rCorr   .            q - +1 pair of gloves
SInv    +            B - +1 pair of boots
Will    +....        (no amulet)
Stlth   +++          i - ring of wizardry
HPRegen 0.32/turn    C - ring of magical power
MPRegen 0.27/turn

%: wizardry (x1), archmagi
@: petrifying, slowed, very slow
A: no striking features
a: Renounce Religion


You were on level 5 of the Lair of Beasts.
You worshipped Vehumet.
Vehumet was greatly pleased with you.
You visited 3 branches of the dungeon, and saw 17 of its levels.

You collected 1339 gold pieces.
You spent 187 gold pieces at shops.

Inventory:

Hand Weapons
 a - a +4 sling of draining (weapon)
 b - the +4 war axe "Umithe" {spect, SInv}
   (You found it on level 10 of the Dungeon)

   SInv:      It lets you see invisible.
Missiles
 e - 37 poisoned darts
 k - 11 throwing nets
 r - a curare-tipped dart
Armour
 d - a +1 helmet of see invisible (worn)
 q - a +1 pair of gloves (worn)
 B - a +1 pair of boots (worn)
 D - a +2 robe of the Archmagi (worn)
 I - a +2 buckler (worn)
Jewellery
 i - a ring of wizardry (left hand)
 u - a ring of protection from fire
 v - a ring of fire
 w - a ring of resist corrosion
 C - a ring of magical power (right hand)
 L - a ring of protection from cold
Wands
 z - a wand of mindburst (16)
 A - a wand of polymorph (11)
 G - a wand of flame (20)
 H - a wand of acid (2)
 J - a wand of digging (6)
 O - a wand of charming (3)
Scrolls
 f - 2 scrolls of teleportation
 j - a scroll of silence
 m - 2 scrolls of fear
 p - 2 scrolls of blinking
 y - 3 scrolls of immolation
 P - 3 scrolls of fog
Potions
 g - 2 potions of lignification
 h - 3 potions of brilliance
 l - 2 potions of flight {unknown}
 n - 2 potions of attraction
 o - 13 potions of curing
 t - a potion of mutation
 x - a potion of haste
 E - a potion of ambrosia
 M - a potion of resistance {unknown}
 Q - 2 potions of heal wounds
Miscellaneous
 F - a phial of floods
 K - a box of beasts


   Skills:
 + Level 6.5 Fighting
 - Level 5.1 Ranged Weapons
 + Level 9.9 Dodging
 - Level 6.9 Stealth
 - Level 3.8 Shields
 + Level 12.4 Spellcasting
 * Level 11.8 Conjurations
 * Level 13.6 Fire Magic
 - Level 7.1 Air Magic


You had 3 spell levels left.
You knew the following spells:

 Your Spells              Type           Power      Damage    Failure   Level
a - Foxfire               Conj/Fire      100%       2x1d9     1%          1
b - Scorch                Fire           100%       2d9       1%          2
c - Inner Flame           Hex/Fire       67%        N/A       1%          3
d - Flame Wave            Conj/Fire      89%        2d19      1%          4
e - Volatile Blastmotes   Fire/Tloc      100%       2d18      1%          3
f - Kiss of Death         Conj/Necr      100%       2d13      1%          1
g - Freezing Cloud        Conj/Ice/Air   32%        6-21      1%          5
h - Fireball              Conj/Fire      44%        3d18      1%          5
i - Iskenderun's Mystic   Conj/Tloc      63%        2d13      1%          4
j - Iskenderun's Battles  Conj           86%        2d13      1%          5

Your spell library contained the following spells:

 Spells                   Type           Power      Damage    Failure   Level
 Fulminant Prism          Conj/Hex       31%        3d15      1%          4
 Shock                    Conj/Air       100%       1d9       1%          1
 Cigotuvi's Dreadful Rot  Necr/Pois/Air  84%        N/A       1%          2
 Dazzling Flash           Conj/Hex       100%       N/A       1%          3
 Ignite Poison            Fire/Tmut/Pois 56%        N/A       1%          3
 Swiftness                Air            69%        N/A       1%          3
 Frozen Ramparts          Ice            48%        1d8       2%          3
 Lesser Beckoning         Tloc           48%        N/A       4%          2
 Gell's Gravitas          Tloc           24%        N/A       8%          3
 Portal Projectile        Hex/Tloc       48%        N/A       8%          3
 Spider Form              Tmut/Pois      24%        N/A       8%          3
 Teleport Other           Tloc           24%        N/A       8%          3
 Tukima's Dance           Hex            24%        N/A       8%          3
 Airstrike                Air            34%        2d(5-21)  1%          4
 Irradiate                Conj/Tmut      31%        3d22      1%          5
 Starburst                Conj/Fire      44%        6d12      1%          6
 Conjure Ball Lightning   Conj/Air       39%        3x3d13    2%          6
 Orb of Destruction       Conj           43%        9d12      4%          7
 Ice Form                 Ice/Tmut       24%        N/A       24%         4
 Summon Ice Beast         Ice/Summ       24%        N/A       24%         4
 Blade Hands              Tmut           12%        N/A       52%         5
 Dragon Form              Tmut           12%        N/A       100%        7
 Necromutation            Tmut/Necr      12%        N/A       100%        8


Dungeon Overview and Level Annotations

Branches:
Dungeon (11/15)            Temple (1/1) D:5            Lair (5/5) D:11
 Shoals (0/4) Lair:2       Spider (0/4) Lair:2        Slime (0/5) Lair:5
    Orc (0/2) D:10

Altars:
Ashenzari
Cheibriados
Dithmenos
Elyvilon
Fedhas
Gozag
Hepliaklqana
Kikubaaqudgha
Makhleb
Nemelex Xobeh
Okawaru
Qazlal
Ru
Sif Muna
Trog
Uskayaw
Vehumet
Wu Jian
Xom
Yredelemnul
Zin
The Shining One
Jiyva

Shops:
D:2 ((!?!   D:4 *:=   D:7 =


Message History

* * * LOW HITPOINT WARNING * * *
Casting: Iskenderun's Mystic Blast (mildly dangerous; 1% risk of failure)
Confirm with . or Enter, or press ? or * to list all spells.
You feel a surge of power!
You erupt in a blast of force!
The mystic blast hits the ynoxinul!
The ynoxinul is almost dead.
The ynoxinul is knocked back by the mystic blast.
The ynoxinul slams into the rock wall!
You kill the ynoxinul!
Vehumet accepts your kill.
The mystic blast hits the yak!
The yak is severely wounded.
The yak is knocked back by the mystic blast.
The mystic blast hits the skyshark!
The skyshark is severely wounded.
The skyshark is knocked back by the mystic blast.
Casting: Iskenderun's Mystic Blast (mildly dangerous; 1% risk of failure)
Confirm with . or Enter, or press ? or * to list all spells.
You feel a surge of power!
You erupt in a blast of force!
The mystic blast hits the elephant!
The elephant is almost dead.
The elephant is knocked back by the mystic blast.
The mystic blast hits the torpor snail.
The torpor snail is lightly wounded.
The torpor snail is knocked back by the mystic blast.
The mystic blast hits the yak!!
You kill the yak!
Vehumet accepts your kill.
You feel your power returning.
The mystic blast hits the skyshark!
The skyshark is severely wounded.
The skyshark is knocked back by the mystic blast.
The basilisk gazes at you.
You are slowing down.
The skyshark bites you!!
* * * LOW HITPOINT WARNING * * *
The skyshark barely misses you. x2; You block the skyshark's attack.
The skyshark tail-slaps you!
* * * LOW HITPOINT WARNING * * *
You block the skyshark's attack. The skyshark bites you!
You die...

#.#.#.#P...?.P...
#..........P....
###...............
#.................
#.................
###................
#.#........!.†.....
#...l.Y.....†.....
#..@.Yl.~.~.......
#.....wl~~~~~†....
#.....~≈≈≈~≈≈~.....
#.....~~≈≈~~≈~~~...
##....≈~~..~~~~....
....~~≈≈...≈≈~~$..
P.....~≈≈~.~≈≈
.......~≈≈≈~~≈
.........~≈≈~≈


You could see a skyshark (berserk), 2 elephants, a torpor snail and 2 basilisks.

Vanquished Creatures
  Snorg (D:10)
  Harold (D:11)
  4 hydras
  A boulder beetle (D:10)
  3 two-headed ogres
  2 death yaks (Lair:5)
  A skyshark (Lair:4)
  Amaemon (Lair:2)
  Lodul (D:10)
  Pikel (D:8)
  A cyclops (D:11)
  An ugly thing (Lair:5)
  A merfolk siren (Lair:2)
  3 black mambas
  An orange demon (Lair:2)
  9 elephants (Lair:5)
  3 smoke demons
  A rime drake (Lair:4)
  12 cane toads
  7 komodo dragons
  An ice devil (D:11)
  A merfolk (Lair:2)
  A troll (D:11)
  A polar bear (Lair:4)
  5 dream sheep
  12 blink frogs
  A jumping spider (Lair:2)
  A shadow (D:10)
  A vampire (D:10)
  A ynoxinul (Lair:5)
  A wyvern (D:8)
  36 yaks
  5 basilisks
  2 wraiths
  4 fire bats (Lair:4)
  A chaos spawn (Lair:5)
  A steam dragon (D:8)
  Grum (Lair:1)
  2 acid dragons
  10 water moccasins
  3 orc warriors
  7 ogres
  2 black bears
  14 wolves
  3 centaurs
  A lemure (D:8)
  A phantom (D:6)
  3 kobold brigands
  8 bullfrogs
  A gnoll sergeant (D:8)
  6 scorpions
  5 small abominations (Lair:5)
  16 wights
  11 killer bees
  2 howler monkeys (D:11)
  7 electric eels
  A lava snake (Lair:4)
  2 hounds
  2 jellies (D:5)
  5 orc priests
  2 quasits (D:11)
  A gnoll bouda (D:9)
  A sleepcap (D:5)
  4 iguanas
  8 orc wizards
  3 adders
  19 gnolls
  A shadow imp (D:7)
  A white imp (D:7)
  3 ufetubi (D:5)
  3 worms
  2 dart slugs
  52 orcs
  3 bat skeletons (D:7)
  2 bat zombies (D:7)
  7 endoplasms
  3 giant cockroaches
  3 goblins
  8 hobgoblins
  3 jackals (D:3)
  19 kobolds
  11 quokkas
  8 ball pythons
  6 bats
  5 frilled lizards
  8 rats
429 creatures vanquished.

Vanquished Creatures (collateral kills)
  5 foxfires
5 creatures vanquished.

Vanquished Creatures (others)
  14 demonic plants (D:11)
  841 foxfires
  18 fungi
  122 plants
995 creatures vanquished.

Grand Total: 1429 creatures vanquished

Notes
Turn   | Place    | Note
-------+----------+-------------------------------------------
     0 | D:1      | raph the Deep Elf Fire Elementalist began the quest for the
                  | Orb.
     0 | D:1      | Reached XP level 1. HP: 10/10 MP: 6/6
   386 | D:1      | Found a faded altar of an unknown god.
   460 | D:1      | Reached skill level 4 in Fire Magic
   460 | D:1      | Reached XP level 2. HP: 15/15 MP: 1/8
   739 | D:1      | Learned a level 2 spell: Scorch
   959 | D:1      | Reached XP level 3. HP: 19/19 MP: 9/9
  1263 | D:2      | Found Riebrici's Magic Scroll Emporium.
  1271 | D:2      | Found Ohehag's Distillery.
  1331 | D:2      | Bought a potion of degeneration for 12 gold pieces
  1660 | D:2      | Learned a level 3 spell: Inner Flame
  1739 | D:2      | Found Qiotoos's Weapon Emporium.
  1864 | D:2      | Bought a scroll of teleportation for 33 gold pieces
  1895 | D:2      | Found Duunag's Distillery.
  1938 | D:2      | Found Vowitev's Antique Weapon Boutique.
  2180 | D:3      | Reached XP level 4. HP: 24/24 MP: 11/11
  2511 | D:2      | Bought a potion of heal wounds for 60 gold pieces
  2867 | D:4      | Noticed a scorpion
  2892 | D:4      | Noticed a scorpion
  2896 | D:4      | Killed a scorpion
  2897 | D:4      | Reached skill level 5 in Fire Magic
  2897 | D:4      | Reached XP level 5. HP: 28/28 MP: 7/13
  2906 | D:4      | Found the +18 Lear's hauberk
  2908 | D:4      | Found Ydairips's General Store.
  2957 | D:4      | Found Dajireuz's Jewellery Emporium.
  3048 | D:4      | Learned a level 4 spell: Flame Wave
  3682 | D:2      | Bought a scroll of blinking for 82 gold pieces
  3758 | D:4      | Reached XP level 6. HP: 23/33 MP: 10/14
  3857 | D:4      | Found Opugut's Book Shoppe.
  3885 | D:4      | Found a burning altar of Makhleb.
  3890 | D:4      | Reached skill level 1 in Fighting
  3890 | D:4      | Reached skill level 1 in Shields
  4059 | D:5      | Entered Level 5 of the Dungeon
  4385 | D:5      | Found a staircase to the Ecumenical Temple.
  4392 | Temple   | Entered the Ecumenical Temple
  4480 | Temple   | Became a worshipper of Vehumet
  4550 | D:5      | Found a shimmering blue altar of Sif Muna.
  4581 | D:5      | Reached skill level 6 in Fire Magic
  4581 | D:5      | Reached XP level 7. HP: 38/38 MP: 8/16
  5050 | D:5      | Learned a level 3 spell: Volatile Blastmotes
  5190 | D:6      | Reached skill level 5 in Spellcasting
  5606 | D:5      | Reached XP level 8. HP: 44/44 MP: 6/17
  5817 | D:5      | Found a staircase to the Ecumenical Temple.
  5893 | D:5      | Found a shimmering blue altar of Sif Muna.
  6437 | D:6      | Reached skill level 7 in Fire Magic
  6655 | D:6      | Reached skill level 5 in Stealth
  6907 | D:6      | Reached * piety under Vehumet
  6907 | D:6      | Offered knowledge of Freeze by Vehumet.
  6976 | D:6      | Found a sacrificial altar of Ru.
  7031 | D:6      | Reached skill level 5 in Dodging
  7699 | D:7      | Found Rycy's Jewellery Emporium.
  7829 | D:7      | Found an ancient bone altar of Kikubaaqudgha.
  7995 | D:7      | Found a bloodstained altar of Trog.
  8125 | D:7      | Reached XP level 9. HP: 49/49 MP: 15/20
  8503 | D:8      | Reached skill level 8 in Fire Magic
  8751 | D:8      | Reached skill level 5 in Conjurations
  8959 | D:8      | Offered knowledge of Kiss of Death by Vehumet.
  9088 | D:8      | Learned a level 1 spell: Kiss of Death
  9103 | D:8      | Got Sif Muna's Almanac of Charnel Venin
  9111 | D:8      | Found a stormy altar of Qazlal.
  9113 | D:8      | Found a sparkling altar of Nemelex Xobeh.
  9113 | D:8      | Found a white marble altar of Elyvilon.
  9178 | D:8      | Noticed Pikel
  9185 | D:8      | HP: 1/51 [yak (13)]
  9751 | D:8      | Reached ** piety under Vehumet
  9803 | D:8      | Killed Pikel
  9804 | D:8      | Reached skill level 9 in Fire Magic
 10010 | D:8      | Reached XP level 10. HP: 37/56 MP: 22/22
 10179 | D:8      | Learned a level 4 spell: Airstrike
 10198 | D:8      | Learned a level 5 spell: Fireball
 11278 | D:9      | Reached skill level 1 in Air Magic
 11682 | D:9      | Noticed a two-headed ogre
 11685 | D:9      | Killed a two-headed ogre
 12344 | D:10     | Entered Level 10 of the Dungeon
 12457 | D:10     | Noticed Snorg
 12466 | D:10     | Killed Snorg
 12467 | D:10     | Reached skill level 10 in Fire Magic
 12631 | D:10     | Noticed Lodul
 12638 | D:10     | Killed Lodul
 12641 | D:10     | Offered knowledge of Momentum Strike by Vehumet.
 12669 | D:10     | Reached *** piety under Vehumet
 12818 | D:10     | Noticed a two-headed ogre
 12822 | D:10     | Killed a two-headed ogre
 12823 | D:10     | Reached XP level 11. HP: 60/60 MP: 14/25
 12949 | D:10     | Offered knowledge of Frozen Ramparts by Vehumet.
 13176 | D:10     | Identified the +4 war axe "Umithe" {spect, SInv}
 13391 | D:10     | Reached skill level 5 in Air Magic
 13608 | D:10     | Learned a level 4 spell: Iskenderun's Mystic Blast
 13808 | D:10     | Found a staircase to the Orcish Mines.
 14181 | D:11     | Noticed a two-headed ogre
 14189 | D:11     | Killed a two-headed ogre
 14266 | D:11     | Reached skill level 11 in Fire Magic
 14266 | D:11     | Reached **** piety under Vehumet
 14669 | D:11     | Noticed a sun demon
 14958 | D:11     | Noticed a boulder beetle
 14971 | D:11     | Reached skill level 1 in Ranged Weapons
 14990 | D:10     | HP: 2/60 [boulder beetle (42)]
 14996 | D:10     | Killed a boulder beetle
 15667 | D:11     | Offered knowledge of Arcjolt by Vehumet.
 15695 | D:11     | Noticed Harold
 15699 | D:11     | Killed Harold
 15700 | D:11     | Reached skill level 10 in Spellcasting
 16017 | D:11     | Found a staircase to the Lair.
 16396 | Lair:1   | Entered Level 1 of the Lair of Beasts
 16893 | Lair:1   | Noticed Grum
 16897 | Lair:1   | Killed Grum
 17094 | Lair:2   | Reached XP level 12. HP: 67/67 MP: 13/28
 17878 | Lair:2   | Found a staircase to the Shoals.
 18035 | Lair:2   | Noticed Amaemon
 18202 | Lair:2   | Killed Amaemon
 18203 | Lair:2   | Reached skill level 5 in Fighting
 18353 | Lair:2   | Found a hole to the Spider Nest.
 18559 | Lair:2   | Identified a scroll of acquirement
 18559 | Lair:2   | Acquired a +1 helmet of see invisible
 18825 | Lair:3   | Noticed a seven-headed hydra
 18829 | Lair:3   | Reached skill level 5 in Ranged Weapons
 18831 | Lair:3   | Killed a seven-headed hydra
 19028 | Lair:3   | Reached ***** piety under Vehumet
 19158 | Lair:3   | Offered knowledge of Fulminant Prism by Vehumet.
 19165 | Lair:3   | Reached skill level 12 in Fire Magic
 20010 | Lair:4   | Noticed a five-headed hydra
 20013 | Lair:4   | Killed a five-headed hydra
 20014 | Lair:4   | Reached skill level 10 in Conjurations
 20576 | Lair:3   | Learned a level 5 spell: Iskenderun's Battlesphere
 20684 | Lair:4   | Learned a level 5 spell: Freezing Cloud
 20688 | Lair:4   | Reached XP level 13. HP: 74/74 MP: 23/30
 21986 | Lair:5   | Entered Level 5 of the Lair of Beasts
 22173 | Lair:5   | Found a viscous altar of Jiyva.
 22173 | Lair:5   | Found a staircase to the Slime Pits.
 22182 | Lair:5   | Reached skill level 13 in Fire Magic
 23145 | Lair:5   | HP: 1/75 [skyshark (6)]
 23145 | Lair:5   | Mangled by a skyshark

Illustrated notes

Levels and vault maps discovered:
D:1:      sevenhm_arrival_forest_fort_small_3, layout_basic,
          hellmonk_ecumenical_altar_crossroads, st_stairs_5
D:2:      layout_rooms, serial_shops, nicolae_shop_real_fake_doors, shop,
          nicolae_shop_peninsula, shop, shop
D:3:      layout_rooms, st_stairs_13, minivault_24
D:4:      layout_rooms, makhleb_blood_cavern_becter, serial_shops, shop,
          nicolae_stop_n_shop_1, nicolae_shop_tiny_statue_garden,
          kennysheep_doodads
D:5:      layout_loops_ring, mainiacjoe_overflow_six_doors_small,
          minmay_temple_entry_wispy
D:6:      layout_rooms, nicolae_ru_great_annihilating_truth, interstate_on_off,
          lightli_minifort
D:7:      layout_gridville, kennysheep_vampire_church, lemuel_crystal_altar,
          nicolae_stop_n_shop_2, grunt_ogre_cave,
          amcnicky_mini_rare_corridor_liquid
D:8:      layout_basic, chequers_temple_overflow_statue_of_worship,
          serial_bayou, serial_bayou_ford_a, serial_bayou_crossing,
          serial_bayou_pond_c, serial_bayou_shore_a, serial_bayou_shore_b,
          hangedman_glass_teeth, serial_bayou_pond_e, uniq_pikel
D:9:      layout_loops_corners
D:10:     nicolae_hitomezashi [nicolae_hito_row, nicolae_hito_row,
          nicolae_hito_row, nicolae_hito_row, nicolae_hito_row,
          nicolae_hito_row, nicolae_hito_row, nicolae_hito_row,
          nicolae_hito_row, nicolae_hito_row, nicolae_hito_row,
          nicolae_hito_row, nicolae_hito_row, nicolae_hito_row,
          nicolae_hito_row, nicolae_hito_row, nicolae_hito_row,
          nicolae_hito_row], layout_basic, hiddenorc2_lemuel, uniq_lodul,
          uniq_snorg
D:11:     layout_loops_corners, david_lair_shrubbed, serial_demonic,
          serial_demonic_e, serial_demonic_f, serial_demonic_e,
          serial_demonic_f, serial_demonic_f, serial_demonic_c, uniq_harold
Temple:   zaba_magenta_temple
Lair:1:   layout_concentric_octagons, minmay_stone_trees_medium, uniq_grum
Lair:2:   layout_regular_city, elwin_shoals_entry_rooms,
          spider_nest_entry_rubble, lemuel_fruit_tree, uniq_amaemon
Lair:3:   layout_small_grid, chequers_serial_rivers_large_a,
          grunt_forest_stairs_basic, serial_bayou_shore_b
Lair:4:   layout_gridlike, grunt_megastairs_3
Lair:5:   hellmonk_lair_end_abyssal_woods, layout_cave_shapes, slime_entry_1,
          gammafunk_lair_bear_cave, infiniplex_staircase_pool_2,
          lemuel_fruit_fields

Skill      XL: |  1  2  3  4  5  6  7  8  9 10 11 12 13 |
---------------+----------------------------------------+-----
Fire Magic     | 4 5 6 7 9 10 11 12 13 | 13.6
Conjurations   | 2 3 4 5 7 9 10 11 | 11.8
Spellcasting   | 4 5 6 7 8 10 11 12 | 12.4
Stealth        | 3 4 5 6 |  6.9
Dodging        | 3 4 5 6 7 8 9 |  9.9
Fighting       | 1 2 3 4 5 6 |  6.5
Shields        | 1 2 3 |  3.8
Air Magic      | 4 6 7 |  7.1
Ranged Weapons | 3 5 |  5.1

Action                     |  1- 3 |  4- 6 |  7- 9 | 10-12 | 13-15 || total
---------------------------+-------+-------+-------+-------+-------++-------
   Fire: Sling             |    28 |    40 |    30 |    58 |    12 ||   168
  Throw: Dart              |       |       |       |     3 |       ||     3
   Cast: Foxfire           |    85 |    94 |   178 |   126 |     3 ||   486
         Scorch            |     2 |     9 |    27 |    23 |       ||    61
         Inner Flame       |       |     1 |    12 |    34 |     1 ||    48
         Flame Wave        |       |       |    16 |    11 |       ||    27
         Volatile Blastmot |       |       |     1 |       |       ||     1
         Fireball          |       |       |       |   122 |    42 ||   164
         Airstrike         |       |       |       |     4 |       ||     4
         Iskenderun's Myst |       |       |       |    36 |    17 ||    53
         Freezing Cloud    |       |       |       |     2 |    23 ||    25
         Iskenderun's Batt |       |       |       |       |    17 ||    17
  Evoke: Wand              |       |       |       |     6 |       ||     6
         Box of beasts     |       |       |       |     1 |       ||     1
    Use: Scroll            |     3 |    10 |     6 |    11 |     1 ||    31
         Potion            |       |       |       |     5 |     1 ||     6
 Armour: Robe              |     4 |     3 |     9 |    22 |     7 ||    45
  Dodge: Dodged            |    18 |    25 |    33 |    61 |    14 ||   151
  Block: Buckler           |       |    12 |    16 |    42 |     8 ||    78
